 Dungeon Crawl Stone Soup version 0.31.0-12-g77e489cdc1 (webtiles) character file.

Game seed: 14036504373928074914

2284 Baz the Changeling (level 9, -1/61 HPs)
             Began as an Octopode Shapeshifter on Feb 27, 2024.
             Was an Initiate of Ru.
             Slain by a killer bee (6 damage)
             ... on level 7 of the Dungeon.
             The game lasted 00:11:20 (6903 turns).

Baz the Changeling (Octopode Shapeshifter)          Turns: 6903, Time: 00:11:21

Health: -1/61      AC:  1    Str: 15    XL:     9   Next: 39%
Magic:  9/9        EV: 18    Int: 15    God:    Ru [......]
Gold:   272        SH:  0    Dex: 11    Spells: 8/8 levels left

rFire   . .          .
                       - Unarmed
rCold   . . .        (shield currently unavailable)
rNeg    . . .        (helmet restricted)
rPois   .            (no amulet)
rElec   .            (no ring)
rCorr   .            (no ring)
SInv    .            (no ring)
Will    .....        (no ring)
Stlth   ++           (no ring)
HPRegen 0.30/turn    (no ring)
MPRegen 0.11/turn    (no ring)
                     (no ring)

%: no passive effects
@: lethally poisoned (-1 -> -13), flux-form, glowing
A: glow, contaminating, almost no armour, amphibious, 8 rings, camouflage 1,
gelatinous body 1, (nimble swimmer 1), tentacles
a: Begin Untransformation, Renounce Religion


You were on level 7 of the Dungeon.
You worshipped Ru.
Ru was noncommittal.
You were something dangerously unstable.
You visited 2 branches of the dungeon, and saw 8 of its levels.

You collected 302 gold pieces.
You spent 30 gold pieces at shops.

Inventory:

Missiles
 n - a throwing net (quivered)
Magical Staves
 j - a staff of cold
 k - a staff of earth
Jewellery
 l - a ring of ice
 A - an amulet of magic regeneration
Talismans
 b - a beast talisman
 c - a flux talisman (active)
Wands
 v - a wand of polymorph (4)
 x - a wand of flame (12)
Scrolls
 d - 2 scrolls of enchant weapon {unknown}
 e - a scroll of identify
 f - 4 scrolls of noise {unknown}
 h - a scroll of immolation {unknown}
 i - 4 scrolls of teleportation
 o - 2 scrolls of blinking {unknown}
 p - a scroll of revelation {unknown}
 s - a scroll of fear {unknown}
 u - 2 scrolls of fog {unknown}
 w - a scroll of enchant armour {unknown}
 y - a scroll of amnesia {unknown}
 C - a scroll of brand weapon {unknown}
Potions
 a - 4 potions of curing
 g - 2 potions of enlightenment
 m - a potion of brilliance
 q - a potion of mutation
 r - a potion of haste
 t - a potion of magic {unknown}
 z - a potion of might {unknown}
 B - a potion of degeneration {unknown}


   Skills:
 + Level 5.0 Fighting
 + Level 5.5 Dodging
 - Level 6.0 Stealth
 * Level 6.0 Unarmed Combat
 + Level 7.1 Shapeshifting


You had 8 spell levels left.
You didn't know any spells.
Your spell library was empty.

Dungeon Overview and Level Annotations

Branches:
Dungeon (7/15)             Temple (1/1) D:5

Altars:
Ashenzari
Cheibriados
Dithmenos
Elyvilon
Fedhas
Gozag
Hepliaklqana
Makhleb
Nemelex Xobeh
Okawaru
Qazlal
Ru
Sif Muna
Uskayaw
Vehumet
Wu Jian
Xom
Yredelemnul
Zin
The Shining One

Shops:
D:6 [?

Annotations:
D:3 Grinder, Terence
D:6 Pikel


Innate Abilities, Weirdness & Mutations

You are something dangerously unstable.
You glow with magical radiation, making you easy to see and hit.
Foes you strike become dangerously contaminated with magical radiation.
You are incapable of wielding weapons or throwing items.
You cannot wear most types of armour.
You are amphibious.
You can wear up to eight rings at the same time.
Your skin changes colour to match your surroundings (Stealth+).
Your rubbery body absorbs attacks. (AC +1, EV +1)
((You are camouflaged when in or above water. (Stealth+)))
You have tentacles for arms and can constrict up to eight enemies at once.


Message History

Your squeeze misses the killer bee.
You feel sick. The killer bee stings you. The killer bee barely misses you.
The killer bee closely misses you.
You tentacle-slap the killer bee.
The killer bee begins to glow.
You grab the killer bee.
The killer bee is moderately wounded.
You constrict the killer bee.
You feel sick. The killer bee completely misses you.
The killer bee barely misses you. The killer bee completely misses you.
The killer bee misses you. The killer bee stings you.
You are more poisoned.
The killer bee poisons you! The killer bee barely misses you.
You tentacle-slap the killer bee.
The killer bee glows dangerously bright.
The killer bee is severely wounded.
You constrict the killer bee.
You feel very sick. The killer bee closely misses you.
The killer bee stings you.
The killer bee closely misses you. x2; The killer bee stings you.
The killer bee completely misses you.
You barely miss the killer bee.
The killer bee is severely wounded.
You constrict the killer bee.
You feel very sick.
The killer bee closely misses you. x3; The killer bee completely misses you.
The killer bee stings you!
You are more poisoned.
The killer bee poisons you! The killer bee misses you.
You tentacle-slap the killer bee.
The killer bee shudders as magic cascades through it.
The killer bee twists and deforms.
You squeeze the killer bee.
You kill the killer bee!
* * * LOW HITPOINT WARNING * * *
You feel very sick. The killer bee completely misses you.
The killer bee closely misses you. x2
The killer bee stings you!
* * * LOW HITPOINT WARNING * * *
* * * LOW HITPOINT WARNING * * *
You feel very sick. The killer bee stings you.
You die...

##### #...### #.#...#####.#
#....#......# #....(....#
#....####>#
#....####.###### #.
####......#......(#
#...#####.pyy...#.#.......#
..........##.#..#.#.......#
......#...<..#............#
........!.#####.#.#.......#
#...#####.# #.#.#.......#
#.. #.. ...#.#.......# #.
######.......###### #
#..##.##.# #.#....##.######


You could see 2 killer bees.

Vanquished Creatures
  Prince Ribbit (D:5)
  A water moccasin (D:7)
  An ice beast (D:4)
  A black bear (D:6)
  2 ogres (D:4)
  2 centaurs (D:6)
  A phantom (D:4)
  4 lemures (D:5)
  3 scorpions (D:6)
  7 wights
  2 killer bees (D:7)
  2 hounds
  4 bombardier beetles
  A gnoll bouda (D:4)
  A jelly (D:6)
  2 sleepcaps
  Natasha (thrice) (D:3)
  2 iguanas
  5 orc wizards (D:4)
  4 gnolls (D:4)
  8 adders
  A shadow imp (D:5)
  A white imp (D:5)
  2 ribbon worms (D:2)
  2 dart slugs
  8 orcs
  9 ball pythons
  10 endoplasms
  3 giant cockroaches (D:4)
  10 goblins
  6 hobgoblins
  10 jackals
  2 quokkas (D:1)
  4 bats
  7 frilled lizards
  2 giant cockroach zombies (D:3)
  12 kobolds
  4 rats
150 creatures vanquished.

Notes
Turn   | Place    | Note
-------+----------+-------------------------------------------
     0 | D:1      | Baz the Octopode Shapeshifter began the quest for the Orb.
     0 | D:1      | Reached XP level 1. HP: 13/13 MP: 1/1
    90 | D:1      | Reached skill level 1 in Stealth
    90 | D:1      | Reached XP level 2. HP: 17/18 MP: 2/2
   388 | D:1      | Reached XP level 3. HP: 20/23 MP: 3/3
  1162 | D:2      | Reached XP level 4. HP: 29/29 MP: 4/4
  1941 | D:3      | Noticed Natasha
  1961 | D:3      | Killed Natasha
  1962 | D:3      | Reached XP level 5. HP: 24/34 MP: 5/5
  2009 | D:3      | Noticed Natasha
  2015 | D:3      | Killed Natasha
  2096 | D:3      | Found a basalt altar of Yredelemnul.
  2157 | D:3      | Noticed Grinder
  2206 | D:3      | Reached skill level 4 in Shapeshifting
  2291 | D:3      | Noticed Natasha
  2299 | D:3      | Killed Natasha
  2365 | D:3      | Reached XP level 6. HP: 32/39 MP: 6/6
  2365 | D:3      | Noticed Terence
  2581 | D:4      | HP: 1/39 [something (4)]
  3106 | D:4      | Reached skill level 5 in Stealth
  3106 | D:4      | Reached XP level 7. HP: 43/45 MP: 7/7
  3442 | D:4      | Reached skill level 5 in Shapeshifting
  4054 | D:4      | Reached XP level 8. HP: 36/52 MP: 8/8
  4155 | D:5      | Entered Level 5 of the Dungeon
  4460 | D:5      | Found a staircase to the Ecumenical Temple.
  4552 | Temple   | Entered the Ecumenical Temple
  4571 | Temple   | Became a worshipper of Ru the Awakened
  5547 | D:6      | Noticed Pikel
  5549 | D:6      | Pikel changed into Pikel the tengu
  5549 | D:6      | Noticed Pikel
  5550 | D:6      | Noticed Prince Ribbit
  5737 | D:6      | Reached skill level 6 in Shapeshifting
  5829 | D:5      | Killed Prince Ribbit
  5830 | D:5      | Reached skill level 5 in Unarmed Combat
  5905 | D:6      | Found Pibuh's Antique Armour Shoppe.
  6046 | D:6      | Reached skill level 5 in Dodging
  6046 | D:6      | Reached XP level 9. HP: 50/59 MP: 9/9
  6076 | D:6      | Found Vetuw's Magic Scroll Emporium.
  6170 | D:6      | Bought a scroll of teleportation for 30 gold pieces
  6396 | D:6      | Reached skill level 7 in Shapeshifting
  6833 | D:7      | Reached skill level 5 in Fighting
  6903 | D:7      | Slain by a killer bee

Illustrated notes

Levels and vault maps discovered:
D:1:      wander_arrival_fairy_ring, layout_basic, serial_curves,
          eino_curves_02, eino_curves_04
D:2:      layout_basic, kennysheep_generic_room_4
D:3:      layout_loops_ring, lemuel_zombie_altar_yredelemnul, uniq_grinder,
          uniq_natasha, uniq_terence
D:4:      minmay_razor_zed, layout_basic
D:5:      layout_layer_cave, minmay_temple_entry_mini_moons
D:6:      layout_gridville, serial_shops, shop,
          nicolae_shop_pleasant_corner_grove, shop, uniq_prince_ribbit1,
          uniq_pikel
D:7:      layout_loops_cross, minivault_24, reono_crystal_passage,
          eino_small_chamber_without_monster, dilly_guarded_unrand_devastator
Temple:   nicolae_temple_bog_church

Skill      XL: |  1  2  3  4  5  6  7  8  9 |
---------------+----------------------------+-----
Stealth        | 1 2 3 4 5 6 |  6.0
Fighting       | 2 3 4 5 |  5.0
Shapeshifting  | 4 5 6 7 |  7.1
Dodging        | 3 4 5 |  5.5
Unarmed Combat | 4 5 6 |  6.0

Action                     |  1- 3 |  4- 6 |  7- 9 || total
---------------------------+-------+-------+-------++-------
  Melee: Unarmed           |    61 |   130 |   188 ||   379
         Constrict         |    16 |    33 |    43 ||    92
         Tentacles         |    12 |    23 |    53 ||    88
         Punch             |       |     5 |     1 ||     6
  Evoke: Wand              |       |       |     1 ||     1
    Use: Scroll            |       |     3 |     2 ||     5
         Potion            |       |     2 |     2 ||     4
   Stab: Sleeping          |     9 |     8 |     5 ||    22
 Armour: Skin              |    19 |    54 |    92 ||   165
  Dodge: Dodged            |    32 |    57 |   153 ||   242
   Form: Flux              |       |       |     1 ||     1
